 Dungeon Crawl Stone Soup version 0.30.0-2-g1aa4bd4387 (webtiles) character file.

Game seed: 14357548699252644810

105 deco766 the Trooper (level 4, -1/50 HPs)
             Began as an Ogre Berserker on May 7, 2023.
             Was a Believer of Trog.
             Slain by a gnoll
             ... wielding a +0 flail
              (4 damage)
             ... on level 4 of the Dungeon.
             The game lasted 00:07:09 (2067 turns).

deco766 the Trooper (Ogre Berserker)                Turns: 2067, Time: 00:07:09

Health: -1/50      AC:  3    Str: 20 (23) XL:     4   Next: 83%
Magic:  4/4        EV: 10    Int:  7 (8)  God:    Trog [**....]
Gold:   154        SH:  0    Dex:  6 (8)  Spells: 3/3 levels left

rFire   . . .        a - +0 hand axe
rCold   . . .        (no shield)
rNeg    . . .        b - +0 animal skin
rPois   .            (helmet restricted)
rElec   .            (no cloak)
rCorr   .            (gloves unavailable)
SInv    .            (boots unavailable)
Will    .....        (no amulet)
Stlth   +            (no ring)
HPRegen 0.28/turn    (no ring)
MPRegen 0.09/turn

%: no passive effects
@: no status effects
A: large, unfitting armour, tough skin 1
a: Renounce Religion, Berserk, Trog's Hand


You were on level 4 of the Dungeon.
You worshipped Trog.
Trog was pleased with you.
You visited 1 branch of the dungeon, and saw 4 of its levels.

You collected 154 gold pieces.

Inventory:

Hand Weapons
 a - a +0 hand axe (weapon)
 k - a +0 dagger of holy wrath
Armour
 b - a +0 animal skin (worn)
Jewellery
 g - a ring of fire
Scrolls
 c - 2 scrolls of poison {unknown}
 d - 6 scrolls of identify {unknown}
 n - 3 scrolls of teleportation {unknown}
 o - 2 scrolls of noise {unknown}
 p - 2 scrolls of vulnerability {unknown}
 q - a scroll of immolation {unknown}
 r - a scroll of blinking {unknown}
 s - a scroll of torment {unknown}
 t - a scroll of fog {unknown}
Potions
 f - a potion of lignification {unknown}
 h - 4 potions of curing {unknown}
 i - a potion of haste {unknown}
 j - a potion of ambrosia {unknown}
 l - a potion of mutation {unknown}
 m - a potion of attraction {unknown}


   Skills:
 * Level 5.1 Fighting
 * Level 4.1 Axes
 * Level 3.3 Dodging
 - Level 0.4 Stealth


You had 3 spell levels left.
You didn't know any spells.
Your spell library was empty.

Dungeon Overview and Level Annotations

Branches:
Dungeon (4/15)
 Temple: D:4-7

Altars:


Innate Abilities, Weirdness & Mutations

You are too large for most types of armour.
You have tough skin. (AC +1)


Message History

The gnoll closely misses you.
You hit the gnoll but do no damage.
The gnoll is heavily wounded.
You hit the gnoll. The gnoll hits you with a +0 club!
The gnoll closely misses you.
You barely miss the gnoll.
The gnoll is heavily wounded.
You hit the gnoll but do no damage. The gnoll barely misses you. x2
You hit the gnoll.
The gnoll is severely wounded.
You barely miss the gnoll. The gnoll hits you with a +0 club.
The gnoll closely misses you.
You barely miss the gnoll.
The gnoll is severely wounded.
You hit the gnoll. The gnoll hits you with a +0 club.
The gnoll hits you with a +0 flail!
* * * LOW HITPOINT WARNING * * *
You barely miss the gnoll.
The gnoll is severely wounded.
You hit the gnoll but do no damage. The gnoll hits you with a +0 club.
* * * LOW HITPOINT WARNING * * *
The gnoll barely misses you. The gnoll hits you but does no damage.
The gnoll attacks as you move away! The gnoll hits you with a +0 club.
* * * LOW HITPOINT WARNING * * *
The gnoll attacks as you move away! The gnoll hits you with a +0 club.
* * * LOW HITPOINT WARNING * * *
There is a stone staircase leading down here.
The gnoll hits you with a +0 club.
* * * LOW HITPOINT WARNING * * *
The gnoll barely misses you.
You climb downwards.
You hear the hiss of flowing sand.
There is an entrance to an ossuary on this level.
Hurry and find it before the portal is buried!
There is a stone staircase leading up here.
It was a potion of degeneration.
There was something very wrong with that liquid.
You feel weakened.
You feel dopey.
You feel clumsy. The gnoll hits you with a +0 flail.
You die...

###
#@#
#g#
#g#
#.#
#.#
#.#
#.#
#.#


You could see 2 gnolls.

Vanquished Creatures
  Robin (D:2)
  4 adders (D:2)
  A worm (D:2)
  A dart slug (D:1)
  2 ball pythons (D:2)
  5 endoplasms
  6 hobgoblins
  2 jackals (D:1)
  5 quokkas
  5 bats
  2 frilled lizards
  9 goblins
  5 kobolds
  4 rats
52 creatures vanquished.

Vanquished Creatures (others)
  2 plants (D:1)
2 creatures vanquished.

Grand Total: 54 creatures vanquished

Notes
Turn   | Place    | Note
-------+----------+-------------------------------------------
     0 | D:1      | deco766 the Ogre Berserker began the quest for the Orb.
     0 | D:1      | Reached XP level 1. HP: 24/24 MP: 1/1
   247 | D:1      | Reached XP level 2. HP: 14/32 MP: 2/2
   512 | D:1      | HP: 1/33 [quokka (2)]
   654 | D:1      | Reached XP level 3. HP: 35/40 MP: 3/3
  1006 | D:2      | Reached ** piety under Trog
  1014 | D:2      | Noticed Robin
  1213 | D:2      | Killed Robin
  1214 | D:2      | Reached XP level 4. HP: 24/49 MP: 4/4
  1591 | D:2      | Reached skill level 5 in Fighting
  2065 | D:3      | HP: 2/50 [gnoll/+0 club (3)]
  2067 | D:4      | Slain by a gnoll

Illustrated notes

Levels and vault maps discovered:
D:1:      giann_horns, layout_basic, serial_bayou_pond_b, st_stairs_10
D:2:      minmay_wonky_spiral, layout_basic, uniq_robin
D:3:      layout_loops_ring, nicolae_overflow_hidden_temple,
          reono_crystal_passage, grunt_ministairs_5,
          chequers_serial_rivers_micro_b
D:4:      layout_basic, lemuel_coloured_pillars_altar,
          lightli_ossuary_entry_decrepit_ruins, kennysheep_generic_room_3,
          uniq_menkaure

Skill      XL: |  1  2  3  4 |
---------------+-------------+-----
Dodging        | 3 |  3.3
Fighting       | 5 |  5.1
Axes           | 4 |  4.1
Stealth        | |  0.4

Action                     |  1- 3 |  4- 6 || total
---------------------------+-------+-------++-------
  Melee: Hand axe          |    96 |    87 ||   183
         Punch             |     3 |     1 ||     4
    Use: Potion            |       |     1 ||     1
   Stab: Sleeping          |     1 |       ||     1
 Armour: Animal skin       |    33 |    25 ||    58
  Dodge: Dodged            |    67 |    59 ||   126
